 Dungeon Crawl Stone Soup version 0.28.0 (webtiles) character file.

Game seed: 8333997885918393073

1801 Crownlay the Thrower (level 8, -4/79 HPs)
             Began as a Troll Hunter on Feb 8, 2022.
             Slain by a white ugly thing (12 damage)
             ... on level 7 of the Dungeon.
             The game lasted 00:09:37 (4261 turns).

Crownlay the Thrower (Troll Hunter)                 Turns: 4261, Time: 00:09:38

Health: -4/79      AC:  6    Str: 23    XL:     8   Next: 83%
Magic:  7/7        EV:  9    Int:  7    God:
Gold:   263        SH:  0    Dex: 10    Spells: 7/7 levels left

rFire   . . .      SeeInvis .     - Unarmed
rCold   + . .      Faith    +   (no shield)
rNeg    + . .      Spirit   .   m - +1 robe {rN+}
rPois   .          Reflect  .   (helmet restricted)
rElec   .          Harm     .   b - +0 cloak
rCorr   .          Rampage  .   (gloves unavailable)
Will    .....                   (boots unavailable)
Stlth   +.........              r - amulet of faith
HPRegen 1.03/turn               t - ring of protection from cold
MPRegen 0.10/turn               (no ring)

@: slowed, very slow
A: large, unfitting armour, claws 3, regeneration 1, shaggy fur 1, tough skin 1
a: no special abilities


You were on level 7 of the Dungeon.
You visited 1 branch of the dungeon, and saw 7 of its levels.

You collected 274 gold pieces.
You spent 11 gold pieces at shops.

Inventory:

Missiles
 c - 5 large rocks (quivered)
 d - 2 throwing nets
 x - a curare-tipped dart
Armour
 b - a +0 cloak (worn)
 k - a +0 robe of cold resistance
 m - a +1 robe of positive energy (worn)
Jewellery
 r - an amulet of faith (around neck)
 t - a ring of protection from cold (left claw)
Wands
 p - a wand of polymorph (11)
Scrolls
 a - a scroll of acquirement {unknown}
 e - a scroll of amnesia
 f - 2 scrolls of blinking
 h - a scroll of enchant weapon
 i - 2 scrolls of teleportation
 q - a scroll of noise
 v - a scroll of enchant armour
 w - a scroll of identify
 y - a scroll of torment {unknown}
Potions
 g - 2 potions of flight
 j - 2 potions of cancellation
 l - a potion of brilliance {unknown}
 n - a potion of magic {unknown}
 o - 3 potions of curing
 s - a potion of might {unknown}
 u - a potion of heal wounds {unknown}


   Skills:
 + Level 4.9 Fighting
 * Level 8.3 Throwing
 - Level 1.5 Dodging
 - Level 0.3 Stealth
 + Level 5.5 Unarmed Combat


You had 7 spell levels left.
You didn't know any spells.
Your spell library contained the following spells:

 Spells                   Type           Power      Damage    Failure   Level
 Static Discharge         Conj/Air       0%         N/A       56%         2
 Gell's Gravitas          Tloc           0%         N/A       80%         3
 Lesser Beckoning         Tloc           0%         N/A       80%         3
 Portal Projectile        Hex/Tloc       0%         N/A       80%         3
 Teleport Other           Tloc           0%         N/A       80%         3
 Dispel Undead            Necr           0%         3d6       99%         4
 Sticky Flame             Conj/Fire      0%         2d3       99%         4
 Blade Hands              Tmut           0%         N/A       100%        5
 Excruciating Wounds      Necr           0%         N/A       100%        5


Dungeon Overview and Level Annotations

Branches:
Dungeon (7/15)
 Temple: D:4-7

Altars:
Sif Muna
Trog

Shops:
D:3 !   D:4 *


Innate Abilities, Weirdness & Mutations

You are too large for most types of armour.
You have claws for hands.
Your natural rate of healing is unusually fast.
You are covered in fur. (AC +1)
You have tough skin. (AC +1)


Message History

You feel as though you will be slow longer.
You claw the wraith!
The wraith is almost destroyed.
You hear the faint creaking of a very distant portcullis.
The wraith barely misses you. The wraith hits you but does no damage.
You scratch the wraith.
The wraith is almost destroyed.
The wraith hits you. The wraith drains your vigour!
You feel as though you will be slow longer.
You closely miss the wraith.
The wraith is almost destroyed.
The wraith closely misses you.
You barely miss the wraith.
The wraith is almost destroyed.
The wraith hits you! The wraith hits you.
* * * LOW HITPOINT WARNING * * *
You scratch the wraith but do no damage.
The wraith is almost destroyed.
The wraith hits you.
* * * LOW HITPOINT WARNING * * *
The wraith drains your vigour!
You feel as though you will be slow longer.
You claw the wraith!
You destroy the wraith!
There is an open door here.
The white ugly thing gurgles horribly!
A white ugly thing breaks down the door.
A cyclops breaks down the door.
The white ugly thing pecks you. The white ugly thing freezes you! You resist.
* * * LOW HITPOINT WARNING * * *
There is an open door here.
The white ugly thing barely misses you.
You see here a book of Debilitation.
The white ugly thing pecks you. The white ugly thing freezes you! You resist.
* * * LOW HITPOINT WARNING * * *
There is an open door here.
The white ugly thing pecks you!
* * * LOW HITPOINT WARNING * * *
The white ugly thing freezes you! You resist.
You die...

#......# #......#
########......#
#...†.........#.#
#.#########.###.#
#.# #))##.# #.#
##.##.# #)##
#.##.# ####@8####
#..#.#
##..u.....#
##.#.#
#.:8#..#8..#
#...#
#.########.#
##..# #'#)?))??#
# #..#
#.####+###. #..#
#..8#..#8..# #.>#
##..'..'C.## ##.#
####8.## #.#


You could see a white ugly thing.

Vanquished Creatures
  Grinder (D:3)
  A wraith (D:7)
  A sky beast (D:6)
  An orc warrior (D:7)
  A necrophage (D:4)
  An ogre (D:6)
  A black bear (D:4)
  A centaur (D:4)
  A kobold brigand (D:7)
  3 bullfrogs (D:6)
  A water moccasin skeleton (D:5)
  A howler monkey (D:7)
  A bullfrog zombie (D:6)
  2 centaur zombies
  2 jellies
  A hound (D:6)
  A centaur skeleton (D:4)
  A gnoll shaman (D:4)
  3 orc priests
  2 iguanas
  Terence (D:2)
  5 adders
  7 gnolls
  A white imp (D:7)
  2 worms
  9 orcs
  6 ball pythons
  5 endoplasms
  6 giant cockroaches
  3 goblins
  5 hobgoblins
  3 quokkas
  6 bats
  13 kobolds
  4 rats (D:1)
103 creatures vanquished.

Notes
Turn   | Place    | Note
-------+----------+-------------------------------------------
     0 | D:1      | Crownlay the Troll Hunter began the quest for the Orb.
     0 | D:1      | Reached XP level 1. HP: 19/19 MP: 0/0
   144 | D:1      | Reached XP level 2. HP: 28/28 MP: 1/1
   383 | D:1      | Reached skill level 4 in Throwing
   783 | D:2      | Noticed an eye of devastation
   788 | D:2      | Found a faded altar of an unknown god.
   790 | D:2      | Noticed a shining eye
   790 | D:2      | Noticed a floating eye
   790 | D:2      | Noticed a great orb of eyes
   800 | D:2      | Reached skill level 1 in Unarmed Combat
  1024 | D:3      | Noticed Terence
  1040 | D:2      | Reached XP level 3. HP: 34/35 MP: 2/2
  1041 | D:2      | Killed Terence
  1146 | D:3      | Noticed Grinder
  1176 | D:3      | Killed Grinder
  1177 | D:3      | Reached skill level 5 in Throwing
  1177 | D:3      | Reached XP level 4. HP: 14/44 MP: 3/3
  1177 | D:3      | Reached XP level 5. HP: 17/52 MP: 4/4
  1296 | D:3      | Reached XP level 6. HP: 48/59 MP: 5/5
  1327 | D:3      | You fall into a shaft and drop 1 floor!
  1330 | D:4      | Found a bloodstained altar of Trog.
  1539 | D:4      | Reached skill level 6 in Throwing
  1540 | D:4      | Identified the +1 whip "Soamp" {vorpal, rElec}
  1683 | D:3      | Found Jues's Distillery.
  2218 | D:4      | Upgraded the game from 0.28-b1-25-g9875b3fc8c to 0.28.0
  2451 | D:4      | Found Lobif's General Store.
  2458 | D:4      | Bought a scroll of noise for 11 gold pieces
  2657 | D:5      | Entered Level 5 of the Dungeon
  2663 | D:5      | Reached XP level 7. HP: 43/67 MP: 6/6
  3104 | D:5      | Found a shimmering blue altar of Sif Muna.
  3351 | D:6      | Reached skill level 7 in Throwing
  3435 | D:6      | Reached XP level 8. HP: 75/78 MP: 7/7
  4177 | D:7      | Reached skill level 5 in Unarmed Combat
  4226 | D:7      | Reached skill level 8 in Throwing
  4230 | D:7      | Noticed a cyclops
  4253 | D:7      | Noticed a white ugly thing
  4261 | D:7      | Slain by a white ugly thing

Illustrated notes

Levels and vault maps discovered:
D:1:      psy_arrival_conway, layout_loops_ring
D:2:      layout_basic, hellmonk_ecumenical_altar_watching_god, minivault_14,
          minivault_11
D:3:      layout_loops_ring, serial_shops, shop, minmay_goblin_kobold_house,
          uniq_grinder, uniq_terence
D:4:      layout_basic, nicolae_overflow_crystal_walls, serial_shops,
          nicolae_shop_waterfront, minmay_misc_feat_four_crosses,
          minmay_misc_feat_enclosed
D:5:      layout_basic, led_sif_pool, chequers_serial_rivers_micro_d
D:6:      layout_gridville
D:7:      minmay_chambers_of_sixes, layout_basic, minmay_temple_entry_glass,
          enter_bailey_2

Skill      XL: |  1  2  3  4  5  6  7  8 |
---------------+-------------------------+-----
Throwing       | 4 5 6 7 8 |  8.3
Unarmed Combat | 1 2 3 4 5 |  5.5
Fighting       | 2 3 4 |  4.9
Dodging        | |  1.5
Stealth        | |  0.3

Action                   |  1- 3 |  4- 6 |  7- 9 || total
-------------------------+-------+-------+-------++-------
Melee: Unarmed           |    91 |    86 |   178 ||   355
       Punch             |     2 |     1 |     2 ||     5
Throw: Large rock        |     3 |       |     3 ||     6
  Use: Scroll            |     2 |     2 |     4 ||     8
 Stab: Sleeping          |       |     2 |       ||     2
Armor: Robe              |    52 |    22 |    91 ||   165
Dodge: Dodged            |    44 |    32 |   103 ||   179
